 Dungeon Crawl Stone Soup version 0.18.1-8-gdd0e5ea (webtiles) character file.

21 Gargoyl the Skirmisher (level 2, -4/36 HPs)
             Began as a Demonspawn Abyssal Knight on May 26, 2016.
             Was a Follower of Lugonu.
             Slain by a white imp (5 damage)
             ... summoned by Natasha
             ... on level 2 of the Dungeon.
             The game lasted 00:01:36 (1082 turns).

Gargoyl the Skirmisher (Demonspawn Abyssal Knight)  Turns: 1082, Time: 00:01:37

Health: -4/36      AC:  9    Str: 17    XL:     2   Next: 65%
Magic:  3/3        EV:  9    Int: 13    God:    Lugonu [*.....]
Gold:   82         SH:  0    Dex: 12    Spells: 0 memorised, 1 level left

rFire  + . .     SeeInvis .     a - +1 hand axe
rCold  . . .     Gourm    .     e - +0 scale mail
rNeg   . . .     Faith    .     (no shield)
rPois  .         Spirit   .     (no helmet)
rElec  .         Dismiss  .     j - +2 cloak
rCorr  .         Reflect  .     (no gloves)
SustAt .         Harm     .     (no boots)
MR     .....                    (no amulet)
Stlth  ..........               (no ring)
                                (no ring)

@: berserking, slowed, not resistant to hostile enchantments, extremely
unstealthy
A: fire resistance 1, subdued magic 1
a: Depart the Abyss, Renounce Religion


You were on level 2 of the Dungeon.
You worshipped Lugonu.
Lugonu was aware of your devotion.
You were hungry.

You visited 1 branch of the dungeon, and saw 2 of its levels.
You visited the Abyss 1 time.

You collected 82 gold pieces.

Inventory:

Hand Weapons
 a - a +1 hand axe (weapon)
Armour
 e - a +0 scale mail (worn)
 j - a +2 cloak (worn)
Wands
 k - a wand of flame (19/48)
 l - a wand of flame (16/48)
Scrolls
 d - a scroll of identify {unknown}
 h - a scroll of teleportation {unknown}
Potions
 b - a potion of curing {unknown}
 f - a potion of flight {unknown}
Comestibles
 c - a bread ration
 g - a meat ration


   Skills:
 + Level 3.5 Fighting
 + Level 2.0 Axes
 * Level 2.1 Armour
 + Level 1.0 Dodging
 + Level 2.6 Invocations


You had one spell level left.
You didn't know any spells.

Dungeon Overview and Level Annotations

Branches:
Dungeon (2/15)

Altars:
Cheibriados
Xom

Annotations:
D:2 Natasha


Innate Abilities, Weirdness & Mutations

Your flesh is heat resistant.
Your spells are a little easier to cast, but a little less powerful.


Message History

The magic dart hits you!
Natasha casts a spell.
Unknown command.
Natasha stares at you and mumbles some strange words.
You feel yourself slow down. The white imp gestures at you.
The puff of frost hits you!
* * * LOW HITPOINT WARNING * * *
Natasha barely misses you. The white imp closely misses you.
Natasha claws you but does no damage.
Drink which item? (? for menu, Esc to quit)
It was a potion of berserk rage.
A red film seems to cover your vision as you go berserk!
You feel yourself moving faster!
You feel mighty! The white imp gestures at you. The puff of frost hits you!
Natasha claws you but does no damage. The white imp hits you.
* * * LOW HITPOINT WARNING * * *
The white imp freezes you.
You die...

.# .. #. ################
#.## . #............(.#
##..##. ###..............#
......
.................#####.##.
.........@h.)..(..(.......
........5....†...#####....
.................# #....
.................# #....
..#..............# #.... .
################ #...>
#.... #######....
#..........


You could see Natasha and a white imp.

Vanquished Creatures
  An ooze (D:1)
  A dart slug (D:2)
  A giant gecko (D:1)
  A bat (D:1)
  A giant cockroach (D:1)
  A hobgoblin (D:1)
  A ball python (D:2)
  2 goblins
  4 kobolds
  A rat (D:2)
14 creatures vanquished.

Notes
Turn   | Place    | Note
--------------------------------------------------------------
     0 | Abyss:1  | Gargoyl the Demonspawn Abyssal Knight began the quest for the Orb.
     0 | Abyss:1  | Reached XP level 1. HP: 18/18 MP: 2/2
    66 | Abyss:1  | Noticed a neqoxec
    68 | Abyss:1  | Gained mutation: Your spells are a little easier to cast, but a little less powerful. [a neqoxec]
    86 | Abyss:1  | Noticed a crimson imp
    95 | Abyss:2  | Noticed a worldbinder
    98 | Abyss:2  | Noticed a jumping spider
    99 | Abyss:2  | Noticed an orb spider
   100 | D:1      | Escaped the Abyss
   210 | D:1      | Reached skill level 1 in Dodging
   336 | D:1      | Reached * piety under Lugonu
   479 | D:1      | Gained mutation: Your flesh is heat resistant. [demonic ancestry]
   479 | D:1      | Reached XP level 2. HP: 22/24 MP: 3/3
   737 | D:1      | Found a snail-covered altar of Cheibriados.
  1017 | D:2      | Found a shimmering altar of Xom.
  1069 | D:2      | Noticed Natasha
  1082 | D:2      | HP: 1/36 [white imp[Natasha] (3)]
  1082 | D:2      | Slain by a white imp

Skill      XL: |  1  2 |
---------------+-------+-----
Dodging        | 1 |  1.0
Axes           | 2 |  2.0
Armour         | 2 |  2.1
Fighting       | |  3.5
Invocations    | |  2.6

Action                   || total
-------------------------++-------
Melee: Hand axe          ||    45
Invok: Depart the Abyss  ||     1
  Use: Potion            ||     1
Armor: Scale mail        ||    24
       Leather armour    ||     1
Dodge: Dodged            ||    30
